 Dungeon Crawl Stone Soup version 0.31-a0-164-g2312942fda (webtiles) character file.

Game seed: 12039291452625451379

1 Ququman the Ducker (level 1, 0/10 HPs)
             Began as a Felid Berserker on June 13, 2023.
             Was a Follower of Trog.
             Frozen to death by an endoplasm (4 damage)
             ... on level 1 of the Dungeon.
             The game lasted 00:00:11 (28 turns).

Ququman the Ducker (Felid Berserker)                  Turns: 28, Time: 00:00:11

Health: 0/10       AC:  1    Str: 13    XL:     1   Next: 16%
Magic:  2/2        EV: 18    Int:  8    God:    Trog [*.....]
Gold:   0          SH:  0    Dex: 15    Spells: 0/0 levels left
                                        Lives:  0   Deaths: 0

rFire   . .          .
                       - Unarmed
rCold   . . .        (shield unavailable)
rNeg    . . .        (body armour unavailable)
rPois   .            (helmet unavailable)
rElec   .            (cloak unavailable)
rCorr   .            (gloves unavailable)
SInv    +            (boots unavailable)
Will    .....        (no amulet)
Stlth   +            (no ring)
HPRegen 0.21/turn    (no ring)
MPRegen 0.08/turn

%: no passive effects
@: quick
A: very small, claws 1, fangs 3, see invisible, speed 1, shaggy fur 1, stealthy
paws, no weapons or thrown items, no armour, multi-lived
a: Renounce Religion, Berserk


You were on level 1 of the Dungeon.
You worshipped Trog.
Trog was aware of your devotion.
You visited 1 branch of the dungeon, and saw 1 of its levels.

You aren't carrying anything.


   Skills:
 + Level 3.0 Fighting
 + Level 4.0 Dodging
 + Level 3.0 Unarmed Combat


You couldn't memorise any spells.
You didn't know any spells.
Your spell library was empty.

Dungeon Overview and Level Annotations

Branches:
Dungeon (1/15)

Altars:


Innate Abilities, Weirdness & Mutations

You have sharp claws.
You have razor-sharp teeth.
You have supernaturally acute eyesight. (SInv)
You cover ground quickly. (Speed+)
You are covered in fur. (AC +1)
Your paws help you pounce on unaware monsters.
You are incapable of wielding weapons or throwing items.
You cannot wear armour.
You gain extra lives every three experience levels.


Message History

The kobold misses you.
The endoplasm hits you but does no damage.
The kobold barely misses you.
The kobold shouts!
You scratch the kobold.
You kill the kobold!
Trog accepts your kill. The endoplasm closely misses you.
You scratch the kobold.
The kobold is severely wounded.
The endoplasm freezes you.
You are frozen.
The kobold closely misses you.
You scratch the kobold but do no damage.
The kobold is severely wounded.
The endoplasm freezes you.
You are frozen.
The kobold misses you.
You are too injured to fight recklessly!
You are too injured to fight recklessly!
You are too injured to fight recklessly!
You are too injured to fight recklessly!
You are too injured to fight recklessly!
You are too injured to fight recklessly!
You are too injured to fight recklessly!
You are too injured to fight recklessly!
You are too injured to fight recklessly!
You are too injured to fight recklessly!
You scratch the kobold.
You kill the kobold!
Trog accepts your kill. The endoplasm freezes you.
You are frozen.
The endoplasm barely misses you.
Things that are here:
a +0 short sword; a +0 dagger; a kobold corpse The endoplasm misses you.
The endoplasm freezes you.
You are frozen.
The endoplasm freezes you.
You are frozen.
You die...

#.......# #.......#
.......# #.....###
##.......##
#.........##
#.).........
#....### ##..J@.#
##.)..##
#.#...############
#.#..............##
#.#.....≈≈≈§≈.....#
#......≈≈≈§§≈≈....#
#......≈≈(>§≈≈...<#
#.#....≈≈≈≈§≈≈§...#
#.#.....≈≈§≈≈.....#


You could see an endoplasm.

Vanquished Creatures
  2 kobolds (D:1)
2 creatures vanquished.

Notes
Turn   | Place    | Note
-------+----------+-------------------------------------------
     0 | D:1      | Ququman the Felid Berserker began the quest for the Orb.
     0 | D:1      | Reached XP level 1. HP: 10/10 MP: 2/2
    28 | D:1      | Frozen to death by an endoplasm

Illustrated notes

Levels and vault maps discovered:
D:1:      lemuel_arrival_lava_pool, layout_rooms, moated_statue

Action                     || total
---------------------------++-------
  Melee: Unarmed           ||     4
 Armour: Skin              ||     1
  Dodge: Dodged            ||    11

Table legend: (Time is in decaauts)
 A = Elapsed time spent in this place.
 B = Non-inter-level travel time spent in this place.
 C = Inter-level travel time spent in this place.
 D = Time resting spent in this place.
 E = Time spent auto-exploring this place.
 F = Levels seen in this place.
 G = Mean time per level.
                   A        B        C        D        E       F      G
               +--------+--------+--------+--------+--------+-----+--------+
         Total |     24 |     24 |      0 |      0 |      4 |   1 |   24.0 |
       Dungeon |     24 |     24 |      0 |      0 |      4 |   1 |   24.0 |
               +--------+--------+--------+--------+--------+-----+--------+

Top non-repeatable levels by time:
     D:1: 24 daAuts
